Map: 에코 - 래더 (공허)

Players

Maru - Winner!

  • Race: Terran Terran
  • League: Master

TYTY (TY)

  • Race: Terran Terran
  • League: Diamond

VOD

https://www.youtube.com/watch?v=2_45pfic03Q

Description

Time

  • Played on: Nov. 29, 2016, 5:40 a.m.
  • Length: 19:11
Show
View Real Time Build Order
Export as new Build Order

Maru Terran - Winner!

Build Orders: Reaper Expand, Mech 

Get SALT Encoding   

  12  0:00  SCV  
  13  0:12  SCV  
  14  0:17  Supply Depot  
  14  0:25  SCV  
  14  0:27  Refinery  
  15  0:38  SCV  
  16  0:43  Barracks  
  16  0:50  SCV  
  17  1:02  SCV  
  18  1:14  SCV  
  19  1:30  Reaper, Orbital Command  
  20  1:43  Command Center  
  20  1:55  Factory  
  20  1:58  SCV  
  21  2:06  Refinery  
  21  2:08  Reaper  
  22  2:12  Supply Depot  
  22  2:16  SCV  
  23  2:34  SCV  
  24  2:39  Hellion  
  24  2:40  Barracks Reactor  
  26  2:46  SCV, Starport  
  27  2:56  Orbital Command  
  27  2:58  SCV  
  27  3:05  Cyclone  
  31  3:10  SCV  
  32  3:18  Marine x2  
  34  3:23  SCV  
  35  3:31  SCV  
  36  3:35  SCV  
  35  3:44  SCV  
  35  3:46  Starport Tech Lab  
  35  3:47  Marine  
  35  3:48  Marine, Command Center  
  36  3:50  SCV  
  36  3:53  Factory Tech Lab  
  37  3:56  SCV  
  37  4:02  SCV  
  39  4:05  Marine x2  
  39  4:08  SCV  
  39  4:09  Raven  
  44  4:14  SCV  
  45  4:21  SCV  
  46  4:32  Supply Depot  
  46  4:34  Refinery  
  46  4:36  Refinery  
  46  4:38  Supply Depot  
  46  4:53  SCV x2, Siege Tank  
  46  4:58  Armory  
  46  4:59  Armory  
  51  5:05  SCV x2  
  53  5:09  Barracks Reactor  
  53  5:15  Viking x2  
  53  5:17  SCV x2  
  59  5:25  Refinery x2  
  59  5:27  Siege Tank  
  62  5:29  SCV x2  
  62  5:33  Orbital Command  
  64  5:35  Supply Depot  
  64  5:42  SCV x2  
  66  5:47  Terran Vehicle And Ship Armor Level 1, Terran Vehicle Weapons Level 1  
  66  5:55  SCV x2  
  68  5:59  SCV  
  68  6:00  Viking  
  68  6:01  Viking  
  73  6:09  SCV  
  73  6:11  SCV  
  75  6:13  Factory  
  75  6:14  Factory  
  75  6:15  SCV  
  76  6:19  Supply Depot  
  76  6:21  SCV  
  77  6:30  SCV x2, Viking  
  77  6:31  Supply Depot  
  81  6:32  Viking  
  81  6:33  SCV  
  81  6:37  Supply Depot  
  84  6:44  Infernal Pre-Igniter  
  84  6:45  SCV x2  
  84  6:46  SCV  
  87  6:52  Engineering Bay  
  87  6:53  Supply Depot  
  87  6:57  SCV x2  
  87  6:58  SCV  
  90  7:03  Siege Tank x2  
  93  7:09  SCV, Viking  
  96  7:15  SCV x2  
  96  7:19  Hellbat x2  
  96  7:20  Viking  
  103  7:26  SCV, Missile Turret  
  103  7:27  SCV  
  103  7:29  Supply Depot  
  104  7:39  Siege Tank x2  
  104  7:40  Viking  
  104  7:43  Terran Vehicle Weapons Level 2  
  112  7:47  Terran Vehicle And Ship Armor Level 2  
  112  7:50  Viking  
  114  7:53  Supply Depot  
  114  7:57  Hellbat  
  114  7:58  Sensor Tower, Hellbat  
  118  8:02  SCV x3  
  121  8:18  Siege Tank x2, Liberator x2  
  121  8:19  Hellbat  
  131  8:20  Hellbat  
  131  8:23  Factory  
  131  8:24  Factory  
  132  8:49  Supply Depot x3  
  132  8:50  Supply Depot  
  132  9:10  Siege Tank, Hellion x2  
  132  9:13  Siege Tank  
  142  9:18  Medivac x2  
  142  9:19  SCV x3  
  142  9:20  Factory Reactor, Factory Tech Lab  
  142  9:21  Supply Depot  
  142  9:22  Supply Depot  
  140  9:31  SCV x2  
  140  9:32  SCV  
  140  9:36  Hellbat x2  
  146  9:42  Siege Tank  
  146  9:45  Siege Tank  
  132  9:48  Medivac x2  
  132  9:50  Hellbat  
  138  9:53  SCV  
  138  9:57  Hellbat x2  
  138  9:58  Command Center  
  143  10:01  Hellbat  
  145  10:11  Siege Tank  
  131  10:14  Siege Tank  
  131  10:15  Hellbat  
  131  10:18  Hellbat  
  124  10:35  Hellbat x2  
  120  10:37  Siege Tank  
  120  10:38  SCV x3  
  120  10:39  Medivac x2  
  119  10:50  SCV x2  
  119  10:51  Hellbat  
  119  10:53  SCV  
  119  11:02  SCV  
  122  11:04  Hellbat x2  
  122  11:05  Refinery  
  122  11:06  SCV, Refinery  
  122  11:10  Hellbat  
  127  11:17  Hellbat x2  
  131  11:25  Siege Tank x2  
  137  11:40  SCV x2  
  137  11:41  SCV, Liberator  
  137  11:42  Planetary Fortress, Liberator  
  140  11:50  Siege Tank  
  140  11:52  SCV  
  144  11:57  Siege Tank  
  153  12:06  Sensor Tower  
  149  12:19  Siege Tank, Hellbat  
  116  12:24  Siege Tank, Hellbat  
  116  12:27  SCV x3  
  116  12:28  SCV  
  116  12:29  Siege Tank  
  124  12:38  Terran Vehicle Weapons Level 3  
  124  12:41  Hellbat x2  
  128  12:45  Hellbat  
  128  12:48  SCV x2  
  128  12:49  SCV  
  133  12:57  Siege Tank, Hellbat  
  138  13:04  Siege Tank, Hellbat  
  143  13:14  Siege Tank, Hellbat  
  143  13:17  Hellbat  
  150  13:22  Viking  
  152  13:29  Siege Tank  
  152  13:30  Hellbat  
  157  13:36  Siege Tank  
  157  13:40  Hellbat  
  153  13:43  Hellbat  
  153  13:46  Siege Tank  
  158  13:56  Hellbat x2  
  158  14:01  Siege Tank  
  165  14:05  SCV x3, Refinery x2  
  165  14:08  Siege Tank  
  171  14:16  Hellbat  
  173  14:17  SCV  
  173  14:18  Siege Tank  
  177  14:27  Hellbat  
  176  14:33  Siege Tank  
  179  14:40  Siege Tank  
  179  14:42  Hellbat  
  178  14:46  Hellbat  
  178  14:48  SCV  
  178  14:50  Siege Tank  
  178  14:51  Command Center  
  184  14:55  Hellbat  
  186  15:05  Siege Tank  
  189  15:12  Siege Tank, Hellbat x2  
  189  15:13  Hellbat  
  196  15:23  Viking  
  196  15:25  Siege Tank, Viking  
  183  15:30  Hellbat  
  179  15:37  Siege Tank, Hellbat  
  184  15:44  Siege Tank  
  184  15:45  Hellbat  
  189  15:55  Hellbat  
  188  15:57  Siege Tank  
  191  16:09  Siege Tank  
  191  16:10  Terran Vehicle And Ship Armor Level 3  
  194  16:15  Hellbat x2  
  172  16:26  Siege Tank, Hellbat  
  172  16:27  Hellbat  
  172  16:29  Siege Tank  
  172  16:31  Medivac  
  162  16:41  Siege Tank  
  162  16:45  Planetary Fortress  
  163  16:49  Refinery  
  163  16:55  Hellbat x2  
  163  16:58  Siege Tank  
  170  17:09  Siege Tank  
  170  17:10  Hellbat x2  
  177  17:21  Hellbat  
  177  17:22  Hellbat  
  181  17:35  Siege Tank, Hellbat  
  186  17:37  Missile Turret  
  189  17:51  Siege Tank  
  189  17:54  Siege Tank  
  189  17:57  Hellbat  
  178  18:04  Hellbat  
  167  18:07  Siege Tank  
  168  18:19  Hellbat  
  166  18:23  Siege Tank  
  166  18:26  Hellbat  
  166  18:27  Hellbat  
  159  18:39  Siege Tank  
  159  18:40  Hellbat  
  164  18:48  Hellbat x2  
Show
View Real Time Build Order
Export as new Build Order

TYTY Terran 

Build Orders: Reaper Expand, Bio Tank 

Get SALT Encoding   

  12  0:00  SCV  
  13  0:12  SCV  
  14  0:18  Supply Depot  
  14  0:24  SCV  
  15  0:31  Refinery  
  15  0:39  SCV  
  16  0:45  Barracks  
  16  0:51  SCV  
  17  1:03  SCV  
  18  1:16  SCV  
  19  1:31  Reaper  
  19  1:32  Orbital Command  
  20  1:51  Command Center  
  20  1:59  Factory  
  20  2:00  SCV  
  21  2:04  Supply Depot  
  21  2:07  Reaper  
  22  2:12  SCV  
  23  2:26  SCV  
  24  2:38  SCV  
  24  2:40  Barracks Reactor  
  24  2:43  Hellion  
  27  2:50  SCV, Command Center  
  28  2:56  Refinery  
  28  3:02  SCV  
  28  3:05  Hellion  
  31  3:08  Orbital Command  
  31  3:18  Starport  
  31  3:20  SCV  
  31  3:22  Marine  
  31  3:25  Marine  
  34  3:32  SCV  
  34  3:40  Cyclone  
  36  3:43  Marine x2  
  36  3:44  SCV  
  36  3:46  SCV  
  39  3:56  SCV, Viking  
  39  3:59  SCV  
  43  4:05  Marine x2  
  43  4:08  SCV  
  46  4:15  Supply Depot  
  46  4:19  SCV, Cyclone  
  46  4:21  Orbital Command  
  48  4:28  Starport Tech Lab  
  48  4:30  SCV  
  49  4:31  SCV  
  50  4:41  Marine x2  
  50  4:42  SCV  
  50  4:44  SCV  
  54  4:46  Refinery  
  54  4:47  SCV  
  55  4:54  SCV  
  55  4:55  Raven  
  55  4:56  SCV  
  55  4:59  Factory Tech Lab, SCV, Refinery  
  60  5:03  Supply Depot, Marine  
  60  5:04  Marine  
  60  5:06  SCV  
  63  5:08  SCV  
  63  5:11  SCV  
  65  5:17  Engineering Bay  
  65  5:18  SCV  
  65  5:20  Siege Tank  
  69  5:24  Marine x2, SCV x2  
  73  5:30  SCV  
  73  5:32  Supply Depot  
  74  5:36  SCV x2  
  74  5:37  Supply Depot  
  74  5:42  SCV  
  77  5:47  Supply Depot, Engineering Bay  
  77  5:50  Terran Infantry Weapons Level 1  
  77  5:54  SCV x3, Viking, Siege Tank  
  85  5:58  Marine, Viking  
  85  5:59  Supply Depot  
  88  6:05  Stimpack  
  88  6:06  SCV x2  
  90  6:12  SCV, Supply Depot  
  90  6:14  Terran Infantry Armor Level 1  
  90  6:17  Marine  
  90  6:18  SCV  
  93  6:24  SCV x2  
  95  6:30  SCV  
  98  6:32  Refinery  
  98  6:34  Refinery, Viking  
  98  6:35  Viking  
  98  6:36  Marine, SCV  
  98  6:37  SCV  
  102  6:41  Barracks  
  102  6:42  SCV  
  102  6:43  Barracks  
  103  6:50  Siege Tank  
  103  6:51  Factory  
  103  6:54  Marine  
  106  6:55  SCV x3  
  106  6:57  Supply Depot  
  106  6:59  Armory  
  110  7:07  SCV x3  
  113  7:16  Marine  
  113  7:17  Viking  
  113  7:18  Viking  
  113  7:19  SCV x2  
  113  7:22  Supply Depot x2  
  120  7:23  Siege Tank  
  120  7:25  Factory  
  123  7:32  SCV x2  
  123  7:33  Missile Turret  
  123  7:36  Factory Tech Lab  
  125  7:39  Barracks Reactor x2  
  125  7:41  Barracks  
  125  7:42  Supply Depot  
  125  7:43  Marine  
  130  7:53  Sensor Tower  
  130  7:54  Terran Vehicle Weapons Level 1  
  130  7:59  Siege Tank x2  
  130  8:01  Marine  
  133  8:12  Medivac x2  
  137  8:13  Command Center  
  137  8:16  Combat Shields  
  137  8:18  Missile Turret  
  137  8:19  Factory Tech Lab, Marine x3  
  140  8:24  Marine x2  
  135  8:36  Thor  
  135  8:37  Marine x2, Siege Tank  
  135  8:41  Marine x2  
  146  8:42  Marine  
  146  8:47  Siege Tank  
  149  8:57  Marine x3  
  149  8:59  Marine x2, Supply Depot  
  149  9:00  Supply Depot  
  149  9:03  Supply Depot  
  149  9:11  Siege Tank  
  149  9:20  Marine x5, Barracks Reactor  
  152  9:33  Siege Tank x2  
  152  9:38  Marine x4  
  150  9:43  Marine  
  137  9:48  Siege Tank  
  138  9:55  Medivac x2  
  138  9:56  Marine x4  
  138  9:57  Planetary Fortress  
  146  10:00  Terran Vehicle Weapons Level 2  
  146  10:01  Factory, Marine  
  146  10:13  Siege Tank x2  
  146  10:14  Marine x2  
  139  10:21  Marine x4  
  122  10:25  Medivac  
  122  10:26  Marine  
  122  10:28  Siege Tank  
  126  10:32  Marine  
  128  10:36  Barracks  
  128  10:38  Marine x4  
  130  10:47  Marine  
  130  10:48  Marauder  
  130  10:49  SCV x2, Marine  
  130  10:50  Siege Tank x2  
  130  10:55  Refinery x2  
  130  10:56  Marine x4  
  137  11:00  Siege Tank  
  138  11:04  Terran Infantry Weapons Level 2, Marine  
  138  11:07  Marine  
  138  11:08  Missile Turret  
  138  11:09  SCV  
  138  11:10  Marauder  
  143  11:14  Marine x3  
  146  11:23  Barracks Tech Lab  
  146  11:24  Marine x2  
  146  11:25  Marine  
  149  11:27  Thor  
  149  11:29  Sensor Tower  
  149  11:31  Marauder  
  149  11:32  Marine  
  158  11:33  Siege Tank  
  158  11:36  Factory Tech Lab  
  164  11:40  Siege Tank  
  164  11:41  Missile Turret  
  164  11:42  Marine x4, Marauder  
  170  11:52  Marauder  
  172  11:58  Missile Turret  
  172  12:01  Command Center  
  172  12:05  Siege Tank  
  175  12:10  Marine x3  
  175  12:11  Marauder  
  175  12:12  Siege Tank x2  
  175  12:14  Marauder  
  158  12:26  Medivac x2  
  158  12:28  Marine x4  
  160  12:31  SCV x2  
  160  12:32  Marauder  
  160  12:35  Marauder  
  166  12:38  Siege Tank  
  166  12:42  Terran Infantry Armor Level 2  
  166  12:44  Siege Tank  
  172  12:47  Marine x4  
  172  12:50  Siege Tank  
  179  12:53  Marauder  
  179  12:56  Marauder  
  183  13:09  Medivac x2  
  183  13:10  Marine  
  183  13:12  Marine x3  
  191  13:13  Missile Turret  
  191  13:15  Marauder  
  191  13:18  Marauder  
  195  13:25  Siege Tank  
  198  13:27  Planetary Fortress  
  198  13:36  Marauder  
  198  13:39  Marauder  
  185  13:42  Medivac x2  
  189  14:04  Missile Turret  
  189  14:08  Marine x6, Marauder x2  
  199  14:16  Barracks x2  
  199  14:17  Barracks  
  199  14:19  Siege Tank  
  182  14:31  Siege Tank x2  
  182  14:32  Marine x4, Marauder x2  
  195  14:44  Marine x2  
  187  14:47  Medivac  
  187  14:48  Medivac  
  187  14:51  Thor  
  194  14:54  Terran Infantry Weapons Level 3, Marauder x2  
  194  14:57  Marine x2  
  197  15:09  Command Center  
  197  15:10  Barracks Tech Lab  
  194  15:14  Barracks Reactor  
  194  15:15  Barracks Tech Lab, Marauder x2  
  187  15:34  Siege Tank x2  
  172  15:36  Marine x4, Medivac x2  
  172  15:37  Marine x2, Marauder x2  
  177  15:52  Marine x4  
  184  15:59  Siege Tank  
  184  16:06  Medivac x2  
  166  16:25  Marauder x2  
  166  16:28  Marine x4  
  166  16:29  Siege Tank x2  
  137  16:34  Marine x4, Marauder  
  137  16:35  Marauder, Medivac  
  137  16:36  Medivac  
  143  16:43  Orbital Command  
  144  16:47  Marauder  
  144  16:49  Planetary Fortress  
  144  16:53  Marine x3, Marauder  
  144  16:54  Marine  
  144  16:56  Marauder  
  143  17:02  Marine x2  
  134  17:16  Barracks Reactor  
  134  17:24  Marine, Marauder  
  134  17:27  Marine x3  
  138  17:30  Marine  
  138  17:34  Marine x2  
  141  17:44  Orbital Command  
  141  17:45  Marine x3, Marauder  
  141  17:46  Marauder  
  121  18:14  Orbital Command  
  121  18:18  Marine x4, Marauder  
  121  18:19  Marauder, Orbital Command  
  118  18:29  Marine x3  
  118  18:30  Marauder  
  118  18:32  Marine x3  
  120  18:36  Marine  
  120  18:40  Marauder  
  108  18:50  Marine x4  
Tags
 
Add a new tag
Caveats
  • Supply blocks, unpowered buildings, or Contaminate may cause inaccurate times.
  • Supply counts are checked every 10 seconds.